Map: Ruins of Seras

Players

BunnyWillis - Winner!

  • Race: Terran Terran
  • League: Grandmaster

shockerkey

  • Race: Zerg Zerg
  • League: Master

VOD

Have the link to the VOD?

Description

Time

  • Played on: Nov. 23, 2015, 9:49 p.m.
  • Length: 14:41
Show
View Real Time Build Order
Export as new Build Order

BunnyWillis Terran - Winner!

Build Orders: Command Center First (CC), Hellion Banshee, MMM Bio 

Get SALT Encoding   

  12  0:01  SCV  
  13  0:13  SCV  
  14  0:18  Supply Depot  
  14  0:25  SCV  
  15  0:39  SCV  
  16  0:51  SCV  
  17  1:01  Command Center  
  17  1:04  SCV  
  18  1:19  Barracks  
  18  1:20  SCV  
  19  1:28  Refinery  
  19  1:32  SCV  
  20  1:44  SCV  
  21  1:56  SCV  
  22  2:12  Marine  
  22  2:13  Orbital Command  
  23  2:20  Orbital Command  
  23  2:23  Bunker  
  23  2:30  Factory, Marine  
  24  2:39  SCV  
  25  2:45  SCV  
  26  2:56  SCV, Barracks Reactor  
  26  2:57  SCV  
  27  2:58  Refinery  
  27  3:08  SCV  
  27  3:09  SCV  
  29  3:20  SCV  
  29  3:21  SCV  
  31  3:28  Starport  
  31  3:30  Command Center, Supply Depot  
  31  3:32  SCV  
  31  3:33  SCV  
  33  3:40  Hellion x2, Barracks Tech Lab  
  37  3:45  SCV  
  38  3:52  SCV  
  38  3:53  Supply Depot  
  39  3:59  SCV  
  39  4:02  Supply Depot  
  40  4:04  SCV  
  40  4:06  Hellion  
  40  4:08  Hellion  
  45  4:10  Barracks Tech Lab  
  45  4:11  SCV  
  45  4:16  SCV  
  47  4:17  Cloaking Field  
  47  4:19  Banshee  
  47  4:23  SCV  
  51  4:28  SCV  
  51  4:29  Hellion  
  51  4:30  Hellion  
  56  4:35  SCV  
  57  4:40  SCV  
  57  4:45  Orbital Command  
  58  4:47  SCV, Marine  
  58  4:48  Stimpack  
  58  4:49  Supply Depot  
  58  4:52  SCV  
  61  4:54  Armory  
  61  4:55  Hellion  
  61  4:58  Hellion  
  61  4:59  SCV  
  66  5:04  SCV  
  67  5:12  Marauder  
  69  5:16  Widow Mine  
  69  5:17  SCV  
  69  5:19  Widow Mine  
  72  5:24  SCV, Bunker  
  72  5:25  Bunker  
  73  5:29  SCV  
  74  5:36  SCV  
  74  5:38  Marauder  
  74  5:39  Banshee  
  74  5:41  SCV  
  77  5:48  Engineering Bay  
  77  5:49  Refinery  
  79  5:50  SCV, Engineering Bay  
  79  5:51  Orbital Command  
  76  5:58  Barracks x2  
  76  5:59  Barracks  
  76  6:00  Marauder  
  76  6:03  Factory Reactor  
  76  6:04  SCV x2  
  80  6:05  Refinery  
  80  6:06  Supply Depot  
  80  6:16  SCV x2  
  82  6:21  Marine  
  83  6:30  Terran Infantry Weapons Level 1, Terran Infantry Armor Level 1  
  83  6:31  Barracks  
  83  6:32  Supply Depot, Barracks  
  83  6:33  SCV x2  
  83  6:34  SCV  
  83  6:38  Marine  
  83  6:39  Starport Reactor  
  87  6:45  SCV x2, Marine  
  87  6:46  SCV, Marine  
  92  6:54  Factory Reactor, Marine  
  92  6:55  Marine  
  92  6:56  Marauder  
  92  6:57  Marauder  
  92  7:01  Supply Depot  
  100  7:03  Refinery  
  100  7:04  Refinery  
  100  7:05  Supply Depot  
  100  7:07  SCV  
  99  7:12  Marine x2  
  99  7:13  Marine x2  
  95  7:17  Marauder  
  95  7:18  Marauder  
  99  7:28  SCV, Barracks Reactor  
  100  7:30  Marine x2  
  102  7:38  Marauder, Marine x2  
  102  7:40  Marauder  
  108  7:46  Barracks  
  108  7:47  Barracks Tech Lab, Widow Mine x2  
  108  7:48  Medivac x2, Barracks, Marine x2  
  108  7:49  Barracks  
  112  7:53  Command Center  
  112  7:54  Missile Turret  
  112  7:56  Missile Turret  
  112  7:59  Missile Turret  
  112  8:00  Missile Turret  
  112  8:01  Missile Turret  
  112  8:03  Missile Turret  
  112  8:04  Missile Turret  
  112  8:05  Missile Turret  
  112  8:07  Marine x4  
  112  8:08  Marine x2  
  118  8:13  Combat Shields  
  118  8:16  Widow Mine, Marauder  
  118  8:18  Widow Mine  
  124  8:26  Terran Infantry Weapons Level 2  
  124  8:27  Terran Infantry Armor Level 2  
  124  8:31  Marine  
  125  8:37  Marine x3  
  125  8:38  Supply Depot  
  125  8:39  Supply Depot  
  128  8:42  Barracks Reactor x3, Supply Depot  
  128  8:52  Marine  
  128  8:53  Marine  
  130  9:01  Marine  
  130  9:02  Marine x4  
  137  9:03  Marauder x2  
  137  9:07  Supply Depot  
  137  9:08  Supply Depot  
  139  9:16  Marine x2  
  141  9:19  Marine  
  141  9:20  Marauder  
  141  9:23  Marine x2  
  146  9:30  Marine x3  
  146  9:31  Marine x5  
  151  9:32  Marauder  
  151  9:34  Marine  
  157  9:39  Widow Mine x2  
  140  9:47  Marine  
  123  9:55  Marine x2  
  123  9:56  Marine x6  
  123  9:57  Marauder, Marine x2  
  123  9:58  Medivac x2  
  130  10:01  Planetary Fortress  
  130  10:04  Missile Turret  
  130  10:08  Missile Turret, Widow Mine x2  
  130  10:23  Marine x3  
  130  10:24  Marine x3  
  130  10:25  Marine x2  
  130  10:26  Marauder  
  124  10:30  Medivac x2  
  124  10:32  Marine x4  
  124  10:33  Marauder x2  
  136  10:36  Widow Mine  
  136  10:37  Widow Mine  
  140  10:47  Marauder  
  142  10:51  Marine x2  
  142  10:52  Marine x10  
  142  10:54  Starport, Marauder x2  
  158  11:00  Medivac x2  
  162  11:05  Widow Mine x2  
  162  11:08  Marauder  
  162  11:09  Marine x2  
  162  11:10  Marine x3  
  173  11:12  Terran Infantry Weapons Level 3  
  173  11:13  Terran Infantry Armor Level 3  
  173  11:16  Marauder x2  
  177  11:21  Marine x2  
  177  11:22  Marine x4  
  180  11:29  Marine x2  
  180  11:30  Marauder, Marine x4  
  170  11:34  Widow Mine  
  170  11:37  Marauder x2  
  170  11:39  Marine x3  
  166  11:40  Marine  
  166  11:46  Marine x2  
  169  11:47  Marine x3  
  169  11:48  Marine x2  
  169  11:51  Marauder  
  176  11:58  Marauder  
  176  11:59  Marauder  
  177  12:02  Marine x2  
  177  12:03  Marine x4  
  177  12:04  Widow Mine, Marine x2  
  185  12:12  Marauder  
  179  12:15  Marine  
  179  12:16  Marine x3  
  179  12:18  Medivac x2  
  179  12:19  Widow Mine  
  179  12:20  Marauder x2  
  186  12:31  Barracks Tech Lab  
  186  12:34  Marauder  
  188  12:42  Marauder, Marine x6  
  196  12:48  Command Center  
  196  12:50  Marine x2  
  196  12:51  Marine x2  
  191  12:57  Marine  
  174  13:02  Marauder x2, Marine x3  
  174  13:04  Marauder  
  181  13:07  Medivac  
  181  13:08  Medivac  
  181  13:10  Widow Mine x2  
  181  13:12  Medivac x2  
  193  13:22  Marine x3  
  193  13:23  Marine x4  
  196  13:36  Marauder x2  
  192  14:04  Marine x3  
  192  14:08  Medivac x2  
  188  14:15  Marauder x2  
  182  14:24  Command Center  
  186  14:35  Starport x2  
Show
View Real Time Build Order
Export as new Build Order

shockerkey Zerg 

Build Orders: Hatch First 

Get SALT Encoding   

  12  0:01  Drone  
  13  0:08  Drone  
  14  0:17  Extractor  
  14  0:18  Drone  
  15  0:23  Overlord  
  15  0:42  Drone x2  
  17  0:57  Hatchery  
  17  0:59  Drone  
  17  1:14  Spawning Pool  
  16  1:21  Drone  
  16  1:22  Drone  
  16  1:24  Drone  
  19  1:34  Overlord  
  19  1:35  Extractor  
  18  1:54  Drone x2  
  20  2:14  Queen x2  
  24  2:16  Zergling x2  
  24  2:17  Drone  
  24  2:20  Zergling x4  
  28  2:27  Drone  
  29  2:31  Drone  
  30  2:39  Drone  
  30  2:42  Metabolic Boost, Drone  
  31  2:50  Drone  
  32  2:54  Queen  
  32  2:55  Drone  
  32  2:58  Drone  
  36  3:05  Overlord  
  36  3:15  Roach Warren  
  36  3:16  Overlord  
  35  3:20  Drone  
  35  3:25  Drone x3  
  40  3:27  Drone  
  40  3:30  Drone  
  40  3:31  Extractor  
  40  3:36  Drone x2  
  40  3:38  Drone  
  43  3:42  Overlord  
  43  3:47  Overlord  
  43  3:58  Roach  
  43  3:59  Roach x2  
  43  4:00  Roach  
  53  4:03  Roach  
  53  4:10  Roach x2  
  53  4:11  Roach  
  53  4:17  Extractor  
  58  4:19  Ravager  
  58  4:20  Ravager  
  57  4:31  Drone  
  57  4:32  Drone x3  
  57  4:36  Ravager  
  62  4:41  Roach  
  62  4:44  Hatchery, Drone x3  
  66  4:46  Zergling x2  
  67  4:55  Ravager  
  67  4:58  Overlord x2  
  68  5:04  Lair  
  68  5:08  Overlord  
  68  5:14  Overlord  
  67  5:24  Ravager  
  67  5:28  Drone x6  
  69  5:36  Drone x4  
  69  5:42  Drone x3  
  73  5:44  Extractor  
  73  5:47  Spore Crawler  
  73  5:49  Spore Crawler  
  70  5:51  Evolution Chamber, Drone  
  70  5:53  Evolution Chamber  
  70  5:55  Baneling Nest  
  70  5:56  Drone  
  69  6:09  Spore Crawler  
  69  6:10  Overseer  
  68  6:14  Overseer  
  64  6:20  Zerg Missile Weapons Level 1  
  64  6:21  Spire, Zerg Ground Armor Level 1  
  61  6:26  Drone x5  
  61  6:30  Pneumatized Carapace  
  61  6:32  Drone x3  
  68  6:38  Roach x2  
  72  6:46  Drone x3  
  75  6:53  Drone  
  76  6:56  Glial Reconstitution  
  76  6:57  Roach x3  
  76  6:59  Roach  
  83  7:12  Drone x6  
  83  7:13  Drone  
  84  7:36  Mutalisk x2  
  84  7:37  Mutalisk x3  
  85  7:42  Queen x3  
  97  7:47  Corruptor  
  97  7:50  Drone x4  
  97  7:51  Drone  
  102  7:54  Ravager  
  102  7:56  Extractor x2  
  101  8:02  Drone x2  
  103  8:12  Zerg Flyer Weapons Level 1, Corruptor  
  103  8:14  Drone  
  103  8:18  Overlord  
  103  8:19  Overlord  
  106  8:34  Overlord  
  106  8:35  Overlord x2  
  106  8:36  Overlord, Queen  
  106  8:37  Zerg Ground Armor Level 2, Zerg Missile Weapons Level 2  
  106  8:39  Overlord  
  106  8:41  Roach x2, Zergling x4  
  112  8:48  Overlord x2  
  114  8:49  Roach  
  114  8:53  Corruptor x2  
  118  8:56  Zergling x4  
  118  8:57  Zergling x4  
  122  9:09  Roach  
  130  9:10  Roach x5  
  130  9:13  Ravager x2  
  130  9:14  Baneling  
  130  9:16  Zergling x6  
  139  9:20  Ravager  
  141  9:24  Zergling x6  
  141  9:27  Baneling  
  141  9:28  Baneling x5  
  143  9:35  Overlord x3  
  127  9:46  Zergling x2  
  127  9:47  Zergling x4  
  121  9:54  Infestation Pit, Zergling x2  
  121  9:55  Zergling x16  
  121  9:58  Overlord x2  
  127  10:05  Zergling x2  
  127  10:06  Zerg Flyer Armor Level 1  
  128  10:14  Hatchery  
  125  10:24  Roach x8  
  125  10:25  Roach x3  
  109  10:35  Hive  
  109  10:37  Roach  
  109  10:38  Roach x3  
  109  10:40  Roach  
  121  10:42  Roach  
  121  10:49  Overseer  
  121  10:50  Ravager x2  
  121  10:51  Ravager x4  
  127  11:00  Overlord, Corruptor  
  127  11:01  Corruptor  
  131  11:06  Extractor  
  132  11:11  Roach, Extractor  
  132  11:12  Roach x3  
  132  11:15  Ravager  
  132  11:16  Ravager  
  139  11:20  Drone x3  
  138  11:28  Corruptor  
  138  11:29  Corruptor  
  133  11:33  Roach x3  
  133  11:36  Drone  
  133  11:37  Drone x3  
  133  11:38  Drone  
  142  11:51  Roach  
  142  11:52  Roach x5  
  154  11:58  Roach x2  
  157  12:03  Corruptor  
  149  12:23  Drone x3, Spire  
  149  12:24  Drone, Spore Crawler  
  149  12:25  Spore Crawler  
  149  12:27  Drone x4  
  149  12:29  Overseer x2  
  154  12:38  Roach x5  
  140  12:53  Roach  
  140  12:54  Roach x4  
  140  12:55  Roach x3  
  133  13:01  Roach x3  
  139  13:12  Drone x2  
  141  13:16  Overseer  
  141  13:17  Overseer  
  141  13:20  Overlord  
  141  13:22  Overseer  
  141  13:27  Extractor  
  141  13:28  Hatchery  
  141  13:29  Extractor  
  141  13:34  Corruptor x2  
  139  13:44  Corruptor  
  139  13:45  Corruptor  
  139  13:46  Corruptor  
  143  13:52  Corruptor  
  140  13:59  Drone x4  
  123  14:13  Drone x9  
Tags
 
Add a new tag
Caveats
  • Supply blocks, unpowered buildings, or Contaminate may cause inaccurate times.
  • Supply counts are checked every 10 seconds.